 Dungeon Crawl Stone Soup version 0.31.0-11-ge490571c62 (webtiles) character file.

Game seed: 2863353327840958207

117 Arctor the Magician (level 4, 0/24 HPs)
             Began as a Deep Elf Fire Elementalist on Feb 1, 2024.
             Succumbed to an adder's poison
             ... on level 2 of the Dungeon.
             The game lasted 00:01:57 (2718 turns).

Arctor the Magician (Deep Elf Fire Elementalist)    Turns: 2718, Time: 00:01:58

Health: 0/24       AC:  2    Str:  5    XL:     4   Next: 71%
Magic:  0/12       EV: 13    Int: 22    God:
Gold:   137        SH:  0    Dex: 15    Spells: 8/11 levels left

rFire   . . .        (no weapon)
rCold   . . .        (no shield)
rNeg    . . .        a - +0 robe
rPois   .            (no helmet)
rElec   .            (no cloak)
rCorr   .            (no gloves)
SInv    .            (no boots)
Will    .....        (no amulet)
Stlth   ++           (no ring)
HPRegen 0.24/turn    (no ring)
MPRegen 0.13/turn

%: no passive effects
@: lethally poisoned (0 -> -7), hasted, very quick
A: no striking features
a: no special abilities


You were on level 2 of the Dungeon.
You visited 1 branch of the dungeon, and saw 3 of its levels.

You collected 137 gold pieces.

Inventory:

Armour
 a - a +0 robe (worn)
Scrolls
 c - a scroll of blinking {unknown}
 d - 3 scrolls of identify {unknown}
 e - a scroll of fear {unknown}
 i - a scroll of teleportation {unknown}
Potions
 b - 2 potions of magic
 g - 2 potions of haste


   Skills:
 + Level 3.4 Dodging
 + Level 3.6 Stealth
 + Level 4.0 Spellcasting
 + Level 2.3 Conjurations
 + Level 3.9 Fire Magic


You had 8 spell levels left.
You knew the following spells:

 Your Spells              Type           Power      Damage    Failure   Level
a - Foxfire               Conj/Fire      72%        2x1d7     3%          1
b - Scorch                Fire           42%        2d6       3%          2

Your spell library contained the following spells:

 Spells                   Type           Power      Damage    Failure   Level
 Inner Flame              Hex/Fire       13%        N/A       16%         3
 Volatile Blastmotes      Fire/Tloc      26%        2d12      16%         3
 Cigotuvi's Dreadful Rot  Necr/Alch/Air  8%         N/A       17%         2
 Flame Wave               Conj/Fire      18%        2d7       30%         4


Dungeon Overview and Level Annotations

Branches:
Dungeon (3/15)

Altars:


Message History

The adder bites you.
You are poisoned.
The adder poisons you!
You hit the adder.
The adder is heavily wounded.
You feel sick. The adder misses you.
You barely miss the adder.
The adder is heavily wounded.
The adder bites you.
You are more poisoned.
The adder poisons you!
You hit the adder but do no damage.
The adder is heavily wounded.
You feel sick. The adder closely misses you.
You barely miss the adder.
The adder is heavily wounded.
You feel sick. The adder barely misses you.
You closely miss the adder.
The adder is heavily wounded.
* * * LOW HITPOINT WARNING * * *
You feel sick. The adder bites you.
* * * LOW HITPOINT WARNING * * *
You are more poisoned.
The adder poisons you!
Okay, then.
Casting: Scorch (safe; 3% risk of failure)
Confirm with . or Enter, or press ? or * to list all spells.
Flames lash something.
* * * LOW HITPOINT WARNING * * *
You feel sick. The adder barely misses you.
Unknown command.
Casting: Scorch (safe; 3% risk of failure)
Confirm with . or Enter, or press ? or * to list all spells.
You don't have enough magic to cast this spell.
Unknown command.
* * * LOW HITPOINT WARNING * * *
You feel sick.
* * * LOW HITPOINT WARNING * * *
You feel sick.
You die...

..## #.# #.# ...# #.# #.#
...#######.###### #.#
................# #.#
...........####.########
#.# .#.#########
#........######.### .#.#
########.#......... .#.#
############.#)####.##.
.#.# #.....@..S{.)>.#
#.##.
.#.########.##########)###
#.... ............# #.#
####. .#.########## #.#
##. ...........# ####.#
#####.. #..#######.#
#....# #...... ...# #.#
#.#### #.###.# #.## #.#
####.#### #.# #.# #.# #.#
#.......# #.# #.#


You could see an adder.

Vanquished Creatures
  Jessica (D:2)
  An orc wizard (D:2)
  An adder (D:2)
  3 dart slugs
  2 ribbon worms (D:2)
  3 orcs
  3 ball pythons
  A bat (D:2)
  6 endoplasms
  3 giant cockroaches (D:1)
  A goblin (D:1)
  2 hobgoblins (D:1)
  4 jackals (D:1)
  5 kobolds
  2 quokkas (D:2)
  4 rats
42 creatures vanquished.

Vanquished Creatures (others)
  195 foxfires
195 creatures vanquished.

Grand Total: 237 creatures vanquished

Notes
Turn   | Place    | Note
-------+----------+-------------------------------------------
     0 | D:1      | Arctor the Deep Elf Fire Elementalist began the quest for
                  | the Orb.
     0 | D:1      | Reached XP level 1. HP: 10/10 MP: 6/6
   176 | D:1      | Reached XP level 2. HP: 13/15 MP: 1/8
  1319 | D:2      | Reached XP level 3. HP: 11/19 MP: 2/9
  1965 | D:2      | Noticed Jessica
  1970 | D:2      | Killed Jessica
  1971 | D:2      | Reached XP level 4. HP: 24/24 MP: 5/11
  1976 | D:2      | Got Jessica's Catalogue of the Damned
  2294 | D:2      | Learned a level 2 spell: Scorch
  2694 | D:2      | Reached skill level 4 in Spellcasting
  2717 | D:2      | HP: 1/24 [poisoned by an adder]
  2718 | D:2      | Succumbed to an adder's poison

Illustrated notes

Levels and vault maps discovered:
D:1:      ldierk_walled_garden_2, layout_loops_ring
D:2:      layout_loops_ring, kennysheep_jessica_study
D:3:      layout_rooms, vehumet_crystals, lemuel_tele_altar,
          grunt_temple_overflow_open, ebering_ghost_disaster_area

Skill      XL: |  1  2  3  4 |
---------------+-------------+-----
Stealth        | 3 |  3.6
Dodging        | 3 |  3.4
Conjurations   | 2 |  2.3
Spellcasting   | 4 |  4.0
Fire Magic     | |  3.9

Action                     |  1- 3 |  4- 6 || total
---------------------------+-------+-------++-------
  Melee: Unarmed           |     5 |    16 ||    21
   Cast: Foxfire           |   124 |    32 ||   156
         Scorch            |       |     8 ||     8
    Use: Potion            |       |     3 ||     3
 Armour: Robe              |    15 |    34 ||    49
  Dodge: Dodged            |    20 |    34 ||    54
